 Dungeon Crawl Stone Soup version 0.19-a0-1127-gac58878 (webtiles) character file.

3417 epen the Covert (level 9, -4/45 HPs)
             Began as a Felid Monk on Aug 12, 2016.
             Was a High Priest of Trog.
             Slain by a black mamba (13 damage)
             ... on level 2 of the Lair of Beasts.
             The game lasted 00:18:35 (13332 turns).

epen the Covert (Felid Monk)                       Turns: 13332, Time: 00:18:36

Health: -4/45      AC:  2    Str:  7    XL:     9   Next: 76%
Magic:  15/15      EV: 28    Int: 19    God:    Trog [*****.]
Gold:   531        SH:  3    Dex: 20    Spells: 0 memorised, 8 levels left
                                        Lives:  0   Deaths: 3

rFire  + . .     SeeInvis +       - Unarmed
rCold  + . .     Gourm    .     (armour unavailable)
rNeg   . . .     Faith    .     (shield unavailable)
rPois  .         Spirit   .     (helmet unavailable)
rElec  .         Dismiss  .     (cloak unavailable)
rCorr  .         Reflect  +     (gloves unavailable)
SustAt .         Harm     .     (boots unavailable)
MR     ++...     Rnd*Tele +     x - +3 amulet of reflection
Stlth  +++++++...               J - +5 ring of intelligence
                                T - ring of protection from fire

@: exhausted, very slightly contaminated, slowed, slow
A: no armour, no weapons or thrown items, antennae 1, claws 1, fangs 3, see
invisible, carnivore 3, cold resistance 1, speed 1, magic resistance 1, shaggy
fur 2, slow metabolism 1, teleportitis 1, sharp paws
a: Berserk, Trog's Hand, Brothers in Arms, Burn Spellbooks, Renounce Religion


You were on level 2 of the Lair of Beasts.
You worshipped Trog.
Trog was extremely pleased with you.
You were not hungry.

You visited 3 branches of the dungeon, and saw 14 of its levels.

You collected 531 gold pieces.

Inventory:

Jewellery
 d - an uncursed amulet of the gourmand
 f - an uncursed ring of fire
 u - an uncursed amulet of faith
 x - a +3 amulet of reflection (around neck)
 C - an uncursed ring of loudness
 D - an uncursed ring of ice
 F - an uncursed ring of see invisible
 J - a +5 ring of intelligence (right paw)
 L - an uncursed ring of wizardry
 S - an uncursed amulet of rage
 T - a ring of protection from fire (left paw)
Wands
 i - a wand of random effects (19/48)
 j - a wand of digging (24/24)
 m - a wand of slowing (26/48)
 o - a wand of iceblast (11/15)
 K - a wand of polymorph (10/24)
 Q - a wand of confusion (22/48)
 U - a wand of lightning (6/15)
Scrolls
 b - 10 scrolls of remove curse
 c - 6 scrolls of identify
 e - 4 scrolls of amnesia
 r - a scroll of recharging
 G - a scroll of teleportation
 P - a scroll of enchant armour
Potions
 g - 2 potions of flight
 l - 2 potions of ambrosia
 n - 2 potions of curing
 p - a potion of agility {unknown}
 q - 3 potions of haste
 t - a potion of brilliance
 z - 4 potions of lignification
 A - a potion of cure mutation
 M - 2 potions of heal wounds {unknown}
 O - a potion of might {unknown}
Books
 h - a Grand Grimoire

   Spells                             Type                      Level
   a - Monstrous Menagerie            Summoning                    7
   b - Summon Greater Demon           Summoning                    7
   c - Malign Gateway                 Summoning/Translocation      7
   d - Summon Horrible Things         Summoning                    8
   Trog disapproves of the use of such an item.
 v - a book of Ice

   Spells                             Type                      Level
   a - Ice Form                       Ice/Transmutation            4
   b - Metabolic Englaciation         Hexes/Ice                    5
   c - Ozocubu's Refrigeration        Ice                          6
   d - Bolt of Cold                   Conjuration/Ice              6
   e - Freezing Cloud                 Conjuration/Ice/Air          6
   f - Simulacrum                     Ice/Necromancy               6
   Trog disapproves of the use of such an item.
 w - a Fen Folio

   Spells                             Type                      Level
   a - Corpse Rot                     Necromancy                   2
   b - Stone Arrow                    Conjuration/Earth            3
   c - Leda's Liquefaction            Hexes/Earth                  4
   d - Summon Forest                  Summoning/Translocation      5
   e - Hydra Form                     Transmutation                6
   f - Summon Hydra                   Summoning                    7
   Trog disapproves of the use of such an item.
 y - a book of Death

   Spells                             Type                      Level
   a - Corpse Rot                     Necromancy                   2
   b - Sublimation of Blood           Necromancy                   2
   c - Agony                          Necromancy                   5
   d - Dispel Undead                  Necromancy                   5
   e - Excruciating Wounds            Charms/Necromancy            5
   f - Bolt of Draining               Conjuration/Necromancy       5
   Trog disapproves of the use of such an item.
 E - a Grand Grimoire

   Spells                             Type                      Level
   a - Monstrous Menagerie            Summoning                    7
   b - Summon Greater Demon           Summoning                    7
   c - Malign Gateway                 Summoning/Translocation      7
   d - Summon Horrible Things         Summoning                    8
   Trog disapproves of the use of such an item.
 H - a book of the Dragon

   Spells                             Type                      Level
   a - Flame Tongue                   Conjuration/Fire             1
   b - Cause Fear                     Hexes                        4
   c - Bolt of Fire                   Conjuration/Fire             6
   d - Dragon Form                    Transmutation                7
   e - Dragon's Call                  Summoning                    9
   Trog disapproves of the use of such an item.
 N - a book of Air

   Spells                             Type                      Level
   a - Shock                          Conjuration/Air              1
   b - Swiftness                      Charms/Air                   2
   c - Repel Missiles                 Charms/Air                   2
   d - Static Discharge               Conjuration/Air              3
   e - Lightning Bolt                 Conjuration/Air              5
   Trog disapproves of the use of such an item.
Miscellaneous
 R - a sack of spiders
Comestibles
 a - 7 meat rations
 k - 6 beef jerkies
 s - 2 slices of pizza
 B - 3 royal jellies


   Skills:
 + Level 8.6 Fighting
 + Level 11.0 Dodging
 * Level 12.6 Stealth
 * Level 11.2 Unarmed Combat
 + Level 7.0 Evocations


You had 8 spell levels left.
You didn't know any spells.

Dungeon Overview and Level Annotations

Branches:
Dungeon (11/15)            Temple (1/1) D:5            Lair (2/6) D:11
  Snake (0/4) Lair:2          Orc (0/2) D:9
  Swamp: Lair:2-4    Shoals: Lair:2-4

Altars:
Ashenzari
Cheibriados
Dithmenos
Elyvilon
Fedhas
Gozag
Hepliaklqana
Kikubaaqudgha
Makhleb
Nemelex Xobeh
Okawaru
Pakellas
Qazlal
Ru
Sif Muna
Trog
Uskayaw
Vehumet
Xom
Yredelemnul
Zin
The Shining One

Shops:
D:6 %   D:7 *   D:8 *   D:9 }   D:11 :

Annotations:
D:6 1 exclusion


Innate Abilities, Weirdness & Mutations

You cannot wear armour.
You are incapable of wielding weapons or throwing items.
You have sharp claws.
You have razor-sharp teeth.
You have supernaturally acute eyesight. (SInv)
You are carnivorous and can eat meat at any time.
You cover ground quickly.
You are covered in thick fur. (AC +2)
You have a slow metabolism.
Your sharp claws are effective at attacking unaware monsters.
You have a pair of small antennae on your head.
Your flesh is cold resistant. (rC+)
You are resistant to hostile enchantments. (MR+)
You are occasionally teleported next to monsters.


Message History

You feel sick. The black mamba bites you.
You are lethally poisoned!
The black mamba poisons you! The black mamba completely misses you.
You barely miss the black mamba.
The black mamba is moderately wounded.
* * * LOW HITPOINT WARNING * * *
You feel very sick. The black mamba closely misses you.
The black mamba barely misses you.
You are too injured to fight recklessly!
You are too injured to fight recklessly!
You feel better. The black mamba closely misses you. The black mamba bites you!
* * * LOW HITPOINT WARNING * * *
The black mamba completely misses you.
You scratch the black mamba.
The black mamba is moderately wounded.
The black mamba completely misses you. x2
You scratch the black mamba.
The black mamba is moderately wounded.
The black mamba completely misses you. The black mamba bites you!
You die...

##....$...,,**...,.....,#P.
#P..#*...##*##.#,......,#..
#....###..###..#*..#...##..
*#...†.........##....#.#.#.
#..............)..........
##....†..>.................
#.............†............
##.......<†................
#........@............[...
#.........S........P...PP.
*#..P##....#......#......#.
#P..?*##.####.....#......#.
##..#**#..**#............#.
#..* *....*...............
*,,**#...*,,..............
*,,,*#.*****,,.(.,........
*,,,********,,,,,*,,....#.


You could see a black mamba.

Vanquished Creatures
  A hydra (D:11)
  An unseen horror (D:11)
  2 hill giants
  A wolf spider zombie (D:8)
  3 ugly things (D:11)
  A cyclops (D:11)
  A black mamba (Lair:1)
  A gargoyle (D:10)
  A spiny frog (Lair:1)
  A komodo dragon (Lair:1)
  A two-headed ogre (D:8)
  A troll (D:11)
  A blink frog (Lair:2)
  A vampire (D:10)
  A wyvern (Lair:2)
  The ghost of epen the Ducker, an amateur FeMo of Sif Muna (D:5)
  Grum (D:10)
  A hippogriff (D:8)
  A hill giant zombie (D:9)
  2 hungry ghosts
  2 nagas (Lair:2)
  A water moccasin (Lair:2)
  3 porcupines (Lair:1)
  4 orc warriors
  3 ice beasts
  4 phantoms
  2 black bears
  5 ogres
  5 sky beasts
  4 wolves (D:10)
  3 centaurs
  2 crocodiles
  8 giant frogs
  A gnoll sergeant (D:9)
  A water moccasin zombie (D:9)
  4 scorpions
  5 jellies
  6 killer bees (D:9)
  4 wights (D:10)
  2 howler monkeys
  3 crimson imps
  A quasit (D:11)
  8 orc priests
  An iron imp (D:7)
  5 hounds
  3 giant frog skeletons
  A gnoll shaman (D:4)
  4 orc wizards
  2 iguanas (Lair:1)
  Jessica (D:2)
  Natasha (thrice) (D:2 D:3)
  7 worker ants
  4 sheep (Lair:1)
  5 ogre zombies (D:9)
  A hound zombie (D:5)
  3 hound skeletons
  A howler monkey zombie (D:11)
  A howler monkey skeleton (D:8)
  A worker ant zombie (D:7)
  9 gnolls
  12 river rats (Lair:2)
  8 adders
  3 shadow imps
  An ooze (D:2)
  3 adder skeletons
  3 worms
  2 dart slugs (D:1)
  8 giant geckos
  32 orcs
  12 bats
  4 giant cockroaches
  7 goblins
  9 hobgoblins
  2 jackals (D:5)
  4 quokkas
  2 ball pythons
  A giant gecko skeleton (D:8)
  3 giant newts
  5 goblin skeletons
  A goblin zombie (D:9)
  A hobgoblin skeleton (D:9)
  A hobgoblin zombie (D:7)
  6 kobolds
  A kobold zombie (D:7)
  3 orc skeletons
  15 orc zombies
  A quokka skeleton (D:5)
  10 rats
317 creatures vanquished.

Vanquished Creatures (others)
  2 fungi
  2 plants
4 creatures vanquished.

Grand Total: 321 creatures vanquished

Notes
Turn   | Place    | Note
-------+----------+-------------------------------------------
     0 | D:1      | epen the Felid Monk began the quest for the Orb.
     0 | D:1      | Reached XP level 1. HP: 10/10 MP: 2/2
   288 | D:1      | Reached skill level 3 in Stealth
   314 | D:1      | Reached XP level 2. HP: 5/14 MP: 3/3
  1430 | D:2      | Found a bloodstained altar of Trog.
  1434 | D:2      | Reached XP level 3. HP: 14/17 MP: 4/4
  1443 | D:2      | Became a worshipper of Trog the Wrathful
  1443 | D:2      | Reached * piety under Trog
  1443 | D:2      | Reached ** piety under Trog
  1582 | D:2      | Noticed Jessica
  1598 | D:2      | Killed Jessica
  1598 | D:2      | Reached XP level 4. HP: 20/21 MP: 5/5
  1687 | D:2      | Reached skill level 4 in Stealth
  1749 | D:2      | Noticed Natasha
  1754 | D:2      | Killed Natasha
  2098 | D:2      | Noticed Natasha
  2104 | D:2      | Found a shimmering altar of Xom.
  2145 | D:2      | Killed Natasha
  2145 | D:2      | Reached XP level 5. HP: 23/25 MP: 6/6
  2328 | D:3      | Found an oddly glowing altar of Pakellas.
  2507 | D:3      | Noticed Natasha
  2515 | D:3      | Killed Natasha
  2515 | D:3      | Reached skill level 5 in Dodging
  2516 | D:3      | Reached skill level 5 in Stealth
  2732 | D:3      | Reached *** piety under Trog
  2782 | D:3      | Found a faded altar of an unknown god.
  2992 | D:3      | Gained mutation: You are covered in thick fur. (AC +2) [Felid growth]
  2992 | D:3      | Reached XP level 6. HP: 28/28 MP: 7/7
  3042 | D:3      | Found a sparkling altar of Nemelex Xobeh.
  3046 | D:3      | Found a blossoming altar of Fedhas.
  3046 | D:3      | Found a hazy altar of Hepliaklqana.
  3054 | D:3      | Found a snail-covered altar of Cheibriados.
  3062 | D:3      | Found a shattered altar of Ashenzari.
  3289 | D:4      | Reached skill level 5 in Unarmed Combat
  3797 | D:5      | Entered Level 5 of the Dungeon
  3834 | D:5      | Reached XP level 7. HP: 13/33 MP: 8/8
  4050 | D:5      | Noticed epen's ghost (amateur FeMo)
  4063 | D:5      | Killed epen's ghost
  4063 | D:5      | Reached skill level 6 in Stealth
  4307 | D:5      | Found a staircase to the Ecumenical Temple.
  4333 | Temple   | Entered the Ecumenical Temple
  5074 | D:6      | Reached skill level 5 in Fighting
  5074 | D:6      | Reached XP level 8. HP: 37/37 MP: 9/9
  5108 | D:6      | Found Rinweylle's Food Emporium.
  5127 | D:6      | Reached skill level 1 in Evocations
  5137 | D:6      | Reached skill level 7 in Stealth
  5199 | D:6      | Gained mutation: You have a pair of small antennae on your head. [mutagenic meat]
  5202 | D:6      | Gained mutation: You are occasionally teleported next to monsters. [mutagenic meat]
  5205 | D:6      | Gained mutation: Your flesh is cold resistant. (rC+) [mutagenic meat]
  5208 | D:6      | Gained mutation: You are resistant to hostile enchantments. (MR+) [mutagenic meat]
  5428 | D:6      | Found a sacrificial altar of Ru.
  6527 | D:7      | Reached XP level 9. HP: 41/41 MP: 10/12
  6575 | D:7      | Found a glowing golden altar of the Shining One.
  6577 | D:7      | Reached skill level 8 in Stealth
  6831 | D:7      | Found Initezao's General Store.
  7823 | D:8      | Reached skill level 9 in Stealth
  8087 | D:8      | Found Pelovvuesch's Serpentskin Sales.
  8379 | D:8      | Found an oddly glowing altar of Pakellas.
  8587 | D:8      | Reached XP level 10. HP: 46/46 MP: 14/14
  8694 | D:8      | Found a deep blue altar of Sif Muna.
  8818 | D:9      | Found Cuygoah's Gadget Emporium.
  9004 | D:9      | Found a staircase to the Orcish Mines.
  9121 | D:9      | Reached skill level 5 in Evocations
  9302 | D:9      | Reached **** piety under Trog
  9914 | D:10     | Entered Level 10 of the Dungeon
  9946 | D:10     | Reached skill level 10 in Stealth
 10048 | D:10     | HP: 1/47 [orc priest/divine providence (10)]
 10049 | D:10     | Slain by a giant frog skeleton
 10050 | D:10     | Reached XP level 9. HP: -3/64 MP: 14/14
 10331 | D:10     | Noticed a gargoyle
 10331 | D:10     | Noticed a hill giant
 10354 | D:10     | Killed a hill giant
 10354 | D:10     | Reached skill level 10 in Unarmed Combat
 10357 | D:10     | Killed a gargoyle
 10472 | D:10     | Noticed Grum
 10480 | D:10     | Reached XP level 10. HP: 47/47 MP: 15/15
 10484 | D:10     | Killed Grum
 10484 | D:10     | Reached skill level 10 in Dodging
 10652 | D:10     | Reached skill level 11 in Stealth
 11027 | D:10     | Found a sacrificial altar of Ru.
 11255 | D:11     | Noticed a cyan ugly thing
 11282 | D:11     | Noticed an eight-headed hydra
 11284 | D:11     | Killed an eight-headed hydra
 11287 | D:11     | Noticed a cyan ugly thing
 11293 | D:11     | Killed a cyan ugly thing
 11293 | D:11     | Reached ***** piety under Trog
 11298 | D:11     | Noticed a cyclops
 11310 | D:11     | Killed a cyclops
 11391 | D:11     | Killed a cyan ugly thing
 11504 | D:11     | Found a staircase to the Lair.
 11848 | D:11     | Noticed a hill giant
 11857 | D:11     | Killed a hill giant
 11914 | D:11     | Noticed an unseen horror
 11916 | D:11     | Killed an unseen horror
 11916 | D:11     | Reached skill level 12 in Stealth
 11916 | D:11     | Reached XP level 11. HP: 51/51 MP: 16/16
 11959 | D:11     | Found Hicitauw's Book Emporium.
 11975 | D:11     | Noticed a green ugly thing
 11992 | D:11     | Killed a green ugly thing
 12269 | Lair:1   | Entered Level 1 of the Lair of Beasts
 12404 | Lair:1   | HP: 3/78 [poisoned by a spiny frog]
 12406 | Lair:1   | Succumbed to a spiny frog's poison
 12407 | Lair:1   | Reached XP level 10. HP: 0/73 MP: 16/16
 12650 | Lair:1   | Noticed a black mamba
 12662 | Lair:1   | Killed a black mamba
 13052 | Lair:2   | Found a staircase to the Snake Pit.
 13276 | Lair:2   | HP: 1/73 [blink frog (12)]
 13278 | Lair:2   | Slain by a blink frog
 13279 | Lair:2   | Reached XP level 9. HP: 0/67 MP: 15/15
 13279 | Lair:2   | Noticed a black mamba
 13332 | Lair:2   | Slain by a black mamba

Vault maps used:
D:1:      evilmike_arrival_plus, lemuel_flame_loot_1
D:2:      xom_butterflies, lemuel_coloured_pillars_altar, uniq_natasha,
          uniq_jessica
D:3:      nicolae_overflow_hidden_temple, minmay_overflow_temple_star_hex,
          ecumenical_altar_2
D:4:      first_bread
D:5:      black_bear_nest_2
D:6:      kennysheep_big_flooded_room, kennysheep_little_box, serial_shops,
          nicolae_shop_trees
D:7:      serial_shops, shop, grunt_ogre_cave, nicolae_tso_besieged_by_evil
D:8:      kennysheep_blocky_hall, kennysheep_mini, basic_altar,
          guppyfry_shop_venom
D:9:      zombieorc1_lemuel, serial_shops, nicolae_shop_trees
D:10:     minmay_misc_feat_secret_circle, nicolae_ru_the_path_less_chosen,
          uniq_grum
D:11:     lair_0_dummy, serial_shops, shop, nicolae_wwwww, grunt_ministairs_15
Temple:   hc_temple_tempest_star
Lair:2:   guppyfry_snake_entry_island

Skill      XL: |  1  2  3  4  5  6  7  8  9 10 11 |
---------------+----------------------------------+-----
Stealth        | 3 4 5 6 7 9 12 | 12.6
Unarmed Combat | 4 5 6 7 10 11 | 11.2
Dodging        | 5 6 7 11 10 | 11.0
Fighting       | 4 5 6 8 |  8.6
Evocations     | 2 4 7 |  7.0

Action                   |  1- 3 |  4- 6 |  7- 9 | 10-12 || total
-------------------------+-------+-------+-------+-------++-------
Melee: Unarmed           |    89 |   125 |   372 |   360 ||   946
       Bite              |     6 |    10 |    34 |    45 ||    95
       Punch             |       |     2 |     8 |    11 ||    21
Invok: Berserk           |       |     7 |    16 |    16 ||    39
       Trog's Hand       |       |       |     2 |       ||     2
  Use: Scroll            |       |       |    20 |       ||    20
       Potion            |       |       |     4 |       ||     4
 Stab: Sleeping          |     9 |    13 |    18 |    36 ||    76
       Distracted        |     1 |       |     2 |       ||     3
  Eat: Chunk             |     8 |    11 |    33 |    17 ||    69
       Pizza             |       |       |       |     1 ||     1
Armor: Skin              |     4 |     3 |    10 |     8 ||    25
Dodge: Dodged            |    72 |    70 |   308 |   235 ||   685
Block: Other             |       |     2 |    35 |    37 ||    74
